 Dungeon Crawl Stone Soup version 0.29-a0-8-g0446c0dae4 (webtiles) character file.

Game seed: 3857508001319755759

4364 kae the Grappler (level 10, -9/99 HPs)
             Began as a Yellow Draconian Transmuter on Jan 27, 2022.
             Was a Believer of Ru.
             Mangled by a death yak (21 damage)
             ... on level 8 of the Dungeon.
             The game lasted 00:06:36 (11094 turns).

kae the Grappler (Yellow Draconian Transmuter)     Turns: 11094, Time: 00:06:37

Health: -9/99      AC:  7    Str: 14    XL:     10   Next: 12%
Magic:  14/17      EV: 11    Int: 16    God:    Ru [**....]
Gold:   349        SH:  0    Dex: 12    Spells: 11/19 levels left

rFire   x . .      SeeInvis .     - Unarmed
rCold   + + +      Faith    .   (shield currently unavailable)
rNeg    . . .      Spirit   .   (armour unavailable)
rPois   +          Reflect  .   (helmet currently unavailable)
rElec   .          Harm     .   (cloak currently unavailable)
rCorr   .          Rampage  .   (gloves currently unavailable)
Will    .....                   (boots currently unavailable)
Stlth   +.........              (no amulet)
HPRegen 0.26/turn               (no ring)
MPRegen 0.15/turn               (no ring)

@: mighty, ice-form
A: freezing attack, amphibious, boosted hp, (spit acid), AC +7, large, unfitting
armour, (cold-blooded), hated by all, (acid resistance)
a: End Transformation, Renounce Religion


You were on level 8 of the Dungeon.
You worshipped Ru.
Ru was pleased with you.
You were a creature of crystalline ice.
You visited 2 branches of the dungeon, and saw 11 of its levels.
You also visited: Sewer.

You collected 349 gold pieces.

Inventory:

Armour
 h - a +0 cloak (melded)
 l - a +0 pair of gloves
Jewellery
 s - a ring of wizardry
Wands
 g - a wand of flame (25)
 m - a wand of mindburst (16)
 r - a wand of acid (5)
Scrolls
 j - 2 scrolls of teleportation
 t - a scroll of magic mapping
 u - a scroll of enchant weapon
Potions
 a - 3 potions of heal wounds
 b - 4 potions of flight
 c - a potion of mutation
 d - a potion of might
 e - 2 potions of brilliance
 f - 2 potions of haste
 i - 2 potions of ambrosia {unknown}
 k - 2 potions of curing
 n - a potion of degeneration {unknown}
 o - a potion of lignification {unknown}
 p - a potion of invisibility {unknown}
 q - 3 potions of cancellation {unknown}


   Skills:
 + Level 5.6 Fighting
 + Level 4.9 Dodging
 * Level 8.0 Unarmed Combat
 + Level 5.0 Spellcasting
 * Level 7.6 Transmutations
 - Level 5.0 Ice Magic
 - Level 2.0 Poison Magic


You had 11 spell levels left.
You knew the following spells:

 Your Spells              Type           Power      Damage    Failure   Level
a - Beastly Appendage     Tmut           56%        N/A       1%          1
b - Spider Form           Tmut/Pois      19%        N/A       6%          3
c - Ice Form              Ice/Tmut       24%        N/A       12%         4

Your spell library contained the following spells:

 Spells                   Type           Power      Damage    Failure   Level
 Wereblood                Tmut           28%        N/A       1%          2
 Summon Ice Beast         Ice/Summ       Unusable   N/A       N/A         4
 Summon Mana Viper        Hex/Summ       Unusable   N/A       N/A         5
 Monstrous Menagerie      Summ           Unusable   N/A       N/A         7

Dungeon Overview and Level Annotations

Branches:
Dungeon (10/15)            Temple (1/1) D:5           Sewer (visited)
   Lair: D:8-11         Orc: D:9-12

Altars:
Ashenzari
Dithmenos
Elyvilon
Fedhas
Gozag
Makhleb
Nemelex Xobeh
Okawaru
Qazlal
Ru
Sif Muna
Uskayaw
Vehumet
Wu Jian
Xom
Yredelemnul
Zin

Annotations:
D:5 2 transporters, ipx's ghost, amateur DEIE


Innate Abilities, Weirdness & Mutations

You are a creature of crystalline ice.
You have a powerful freezing melee attack.
You are amphibious.
Your maximum health is increased.
Your armour is entirely melded.
You are incapable of wielding weapons or throwing items.
((You can spit globs of acid.))
((Your golden yellow scales are hard. (AC +7)))
You cannot fit into any form of body armour.
((You are cold-blooded and may be slowed by cold attacks.))
You are hated by all.
((You are resistant to acid. (rCorr)))


Message History

You are too injured to fight recklessly!
You are too injured to fight recklessly!
You are too injured to fight recklessly!
You are too injured to fight recklessly!
You hit the death yak. You freeze the death yak.
The death yak is severely wounded.
The death yak gores you but does no damage.
You pummel the death yak!! You freeze the death yak.
The death yak is almost dead.
The death yak closely misses you.
You hit the death yak but do no damage.
The death yak is almost dead.
You punch the death yak! You freeze the death yak.
You kill the death yak!
Your Spellcasting skill increases to level 5!
You have reached level 10!
You feel very mighty all of a sudden. The yak barely misses you.
You pummel the yak!! You freeze the yak.
The yak is severely wounded.
The yak gores you but does no damage.
You hit the yak. You freeze the yak.
The yak is severely wounded.
The yak gores you.
You completely miss the yak.
The yak is severely wounded.
The yak misses you.
You punch the yak! You freeze the yak.
You kill the yak!
Your Unarmed Combat skill increases to level 8!
The death yak gores you!!
You see here a death yak corpse.
You punch the death yak! You freeze the death yak.
The death yak is moderately wounded.
The death yak gores you!!
* * * LOW HITPOINT WARNING * * *
You pummel the death yak!! You freeze the death yak!
The death yak is severely wounded.
The death yak gores you!!
You die...

#............##
#......####.##
##....## ###
#....##
###....#
#......#
#.###### #.#
#Y# #Y#


#YY YY.. ..... .#..... #... #......# ##... .....## #.... ##... You could see 2
death yaks and 3 yaks.

Vanquished Creatures
  A death yak (D:8)
  A deep elf pyromancer (D:6)
  A cyclops (D:8)
  Maggie (D:6)
  2 yaks (D:8)
  An acid dragon (D:8)
  A sky beast (D:6)
  An orc warrior (D:7)
  A black bear (D:6)
  2 necrophages (D:4)
  3 ogres
  A phantom (D:5)
  2 kobold brigands (Sewer)
  2 bullfrogs
  2 scorpions (D:6)
  2 wyvern zombies
  A wyvern skeleton (D:7)
  A water moccasin skeleton (D:5)
  5 wights (D:8)
  2 howler monkeys (D:6)
  A centaur zombie (D:8)
  5 hounds
  A bullfrog skeleton (D:6)
  A jelly (D:3)
  5 orc priests
  Ijyb (D:5)
  2 iguanas
  3 orc wizards
  A killer bee zombie (D:6)
  A hound skeleton (D:5)
  6 adders
  6 river rats
  A shadow imp (D:7)
  A white imp (D:5)
  An ufetubus (D:7)
  An adder zombie (D:2)
  2 adder skeletons
  2 dart slugs
  26 orcs
  6 ball pythons
  3 bats
  A bat skeleton (D:2)
  An endoplasm (D:3)
  8 giant cockroaches
  5 goblins
  3 hobgoblins
  5 jackals
  6 quokkas
  A ball python skeleton (D:2)
  4 frilled lizards
  9 kobolds
  A quokka skeleton (D:2)
  8 rats
161 creatures vanquished.

Vanquished Creatures (others)
  An orc priest (D:7)
1 creature vanquished.

Grand Total: 162 creatures vanquished

Notes
Turn   | Place    | Note
-------+----------+-------------------------------------------
     0 | D:1      | kae the Draconian Transmuter began the quest for the Orb.
     0 | D:1      | Reached XP level 1. HP: 16/16 MP: 3/3
   378 | D:1      | Reached XP level 2. HP: 23/23 MP: 3/5
  1449 | D:2      | Reached XP level 3. HP: 15/28 MP: 6/6
  1453 | D:2      | Learned a level 3 spell: Spider Form
  2611 | D:3      | Reached skill level 1 in Poison Magic
  2611 | D:3      | Reached XP level 4. HP: 27/36 MP: 4/7
  3144 | D:3      | Found a faded altar of an unknown god.
  3332 | D:3      | Found a sacrificial altar of Ru.
  3509 | D:3      | Reached XP level 5. HP: 40/41 MP: 8/8
  3627 | D:3      | Learned a level 4 spell: Ice Form
  3771 | D:4      | Reached skill level 4 in Unarmed Combat
  3814 | D:4      | Found a shadowy altar of Dithmenos.
  3925 | D:4      | Noticed an ogre
  3948 | D:4      | Killed an ogre
  3949 | D:4      | Reached skill level 1 in Ice Magic
  3949 | D:4      | Reached XP level 6. HP: 44/50 MP: 6/9
  4179 | D:4      | Found a glowing drain.
  4185 | Sewer    | Entered a sewer
  4531 | Sewer    | Your scales start taking on a golden yellow colour.
  4531 | Sewer    | Reached XP level 7. HP: 17/56 MP: 4/11
  4531 | Sewer    | Gained mutation: You are resistant to acid. (rCorr) [Yellow
                  | Draconian growth]
  4781 | Sewer    | Found a white marble altar of Elyvilon.
  5324 | D:5      | Entered Level 5 of the Dungeon
  5426 | D:5      | Reached skill level 5 in Unarmed Combat
  5588 | D:5      | Found a staircase to the Ecumenical Temple.
  5592 | D:5      | Noticed Ijyb
  5609 | D:5      | Killed Ijyb
  5840 | D:5      | Found a transporter.
  5841 | D:5      | Found a transporter.
  5841 | D:5      | Noticed ipx's ghost (amateur DEIE)
  6249 | D:5      | Reached XP level 8. HP: 59/63 MP: 8/12
  7018 | D:6      | Reached skill level 5 in Transmutations
  7511 | D:6      | Noticed Maggie
  7529 | D:6      | Killed Maggie
  7754 | D:6      | Reached skill level 6 in Unarmed Combat
  7979 | D:6      | Noticed a deep elf pyromancer
  7995 | D:6      | Killed a deep elf pyromancer
  7996 | D:6      | Reached XP level 9. HP: 47/72 MP: 11/15
  8296 | D:6      | Reached skill level 5 in Ice Magic
  8496 | D:6      | Found a glowing silver altar of Zin.
  8726 | Temple   | Entered the Ecumenical Temple
  9037 | D:3      | Became a worshipper of Ru the Awakened
  9206 | D:7      | Found a radiant altar of Vehumet.
  9702 | D:7      | Reached skill level 7 in Unarmed Combat
  9755 | D:7      | Found a shimmering altar of Xom.
 10203 | D:8      | You fall into a shaft and drop 2 floors!
 10203 | D:10     | Entered Level 10 of the Dungeon
 10247 | D:8      | Reached skill level 5 in Fighting
 10357 | D:8      | Noticed a cyclops
 10989 | D:8      | Killed a cyclops
 11071 | D:8      | Gained mutation: You are hated by all. [Ru sacrifice]
 11071 | D:8      | Reached * piety under Ru
 11071 | D:8      | Reached ** piety under Ru
 11074 | D:8      | Noticed a death yak
 11078 | D:8      | Noticed a death yak
 11082 | D:8      | Noticed a death yak
 11086 | D:8      | Killed a death yak
 11087 | D:8      | Reached skill level 5 in Spellcasting
 11087 | D:8      | Reached XP level 10. HP: 63/82 MP: 13/17
 11092 | D:8      | Reached skill level 8 in Unarmed Combat
 11094 | D:8      | Mangled by a death yak

Illustrated notes

Levels and vault maps discovered:
D:1:      dpeg_arrival_connections, layout_loops_corners
D:2:      layout_loops_ring, serial_undead, serial_undead_a, serial_undead_b,
          serial_undead_d, serial_undead_a, serial_bayou_crossing
D:3:      layout_loops_ring, nicolae_ru_path_of_blood,
          shapermc_ecumenical_altar_mp_highgroup
D:4:      layout_loops_ring, mainiacjoe_overflow_alcove_2,
          gup_sewer_entry_spiral, kennysheep_nub
D:5:      layout_loops_ring, minmay_temple_entry_ruins,
          gammafunk_ghost_mausoleum, minmay_misc_feat_chi,
          minmay_misc_feat_rows, uniq_ijyb
D:6:      layout_gridville, old_standard_altar, guppyfry_early_elven_hall,
          uniq_maggie
D:7:      layout_rooms, fiery_altar_vehumet, mainiacjoe_overflow_24_doors
D:8:      layout_layer_cave, dpeg_lair_monsters
D:9:      layout_rooms, cheibrodos_worm_habitat, tso_metal_star,
          gammafunk_temple_overflow_forgotten, kennysheep_diamond,
          serial_bayou_lake_a
D:10:     layout_cave_pods, orc_david_3, chequers_serial_rivers_room_b,
          due_unseen_surprise, uniq_harold
Temple:   minmay_temple_bridge_abc

Skill      XL: |  1  2  3  4  5  6  7  8  9 10 |
---------------+-------------------------------+-----
Dodging        | 2 3 4 |  4.9
Poison Magic   | 1 2 |  2.0
Transmutations | 3 4 6 7 |  7.6
Fighting       | 2 3 4 5 |  5.6
Unarmed Combat | 4 5 6 7 8 |  8.0
Ice Magic      | 1 2 3 4 5 |  5.0
Spellcasting   | 3 4 5 |  5.0

Action                   |  1- 3 |  4- 6 |  7- 9 | 10-12 || total
-------------------------+-------+-------+-------+-------++-------
Melee: Unarmed           |   111 |   190 |   356 |     6 ||   663
       Kick              |    18 |    11 |       |       ||    29
       Headbutt          |    12 |     5 |       |       ||    17
       Tailslap          |     8 |    13 |    16 |       ||    37
       Punch             |       |     3 |     5 |       ||     8
 Cast: Beastly Appendage |    24 |    21 |       |       ||    45
       Spider Form       |     2 |     9 |    30 |       ||    41
       Ice Form          |       |       |     9 |       ||     9
Invok: Sacrifice Love    |       |       |     1 |       ||     1
 Abil: Breathe Acid      |       |       |     1 |       ||     1
  Use: Scroll            |     4 |     7 |     3 |       ||    14
       Potion            |       |     1 |       |     1 ||     2
 Stab: Sleeping          |       |     1 |     1 |       ||     2
Armor: Skin              |    39 |    44 |    31 |     1 ||   115
Dodge: Dodged            |    98 |   147 |   256 |     2 ||   503

Table legend: (Time is in decaauts)
 A = Elapsed time spent in this place.
 B = Non-inter-level travel time spent in this place.
 C = Inter-level travel time spent in this place.
 D = Time resting spent in this place.
 E = Time spent auto-exploring this place.
 F = Levels seen in this place.
 G = Mean time per level.
                   A        B        C        D        E       F      G
               +--------+--------+--------+--------+--------+-----+--------+
         Total |  11120 |  10591 |    529 |    530 |   8343 |  12 |  926.7 |
       Dungeon |  10206 |   9714 |    492 |    318 |   7790 |  10 | 1020.6 |
        Temple |    247 |    210 |     37 |      0 |    203 |   1 |  247.0 |
         Sewer |    666 |    666 |      0 |    212 |    349 |   1 |  666.0 |
               +--------+--------+--------+--------+--------+-----+--------+

Top non-repeatable levels by time:
     D:6: 1929 daAuts
     D:2: 1601 daAuts
     D:5: 1518 daAuts
     D:3: 1192 daAuts
     D:4: 1039 daAuts
     D:8: 991 daAuts
     D:1: 973 daAuts
     D:7: 924 daAuts
   Sewer: 666 daAuts
  Temple: 247 daAuts
    D:10: 29 daAuts
     D:9: 6 daAuts
